 Dungeon Crawl Stone Soup version 0.30-a0-1082-g70414cbcbb (webtiles) character file.

Game seed: 3640013408361975584

36 DarkMailMan the Cudgeller (level 3, -1/22 HPs)
             Began as a Meteoran Reaver on Apr 15, 2023.
             Slain by Robin
             ... wielding a +0 short sword
              (2 damage)
             ... on level 2 of the Dungeon.
             The game lasted 00:06:46 (863 turns).

DarkMailMan the Cudgeller (Meteoran Reaver)          Turns: 863, Time: 00:06:46

Health: -1/22      AC:  3    Str: 16    XL:     3   Next: 82%
Magic:  8/8        EV: 12    Int: 14    God:
Gold:   72         SH:  0    Dex: 12    Spells: 6/7 levels left

rFire   . . .      SeeInvis .    a - +0 mace
rCold   . . .      Faith    .    (no shield)
rNeg    . . .      Spirit   .    b - +0 leather armour
rPois   .          Reflect  .    (no helmet)
rElec   .          Rampage  .    (no cloak)
rCorr   .                        (no gloves)
Will    .....                    (no boots)
Stlth   +                        (no amulet)
HPRegen 0.23/turn                (no ring)
MPRegen 0.11/turn                (no ring)

@: glowing
A: sense surroundings 1, otherworldly, glowing, explore regen
a: no special abilities


You were on level 2 of the Dungeon.
You visited 1 branch of the dungeon, and saw 2 of its levels.

You collected 72 gold pieces.

Inventory:

Hand Weapons
 a - a +0 mace (weapon)
Armour
 b - a +0 leather armour (worn)
Scrolls
 d - a scroll of vulnerability {unknown}
 e - a scroll of silence {unknown}
 f - a scroll of torment {unknown}
 g - a scroll of identify {unknown}
 h - a scroll of fear {unknown}
Potions
 c - a potion of heal wounds {unknown}


   Skills:
 + Level 2.4 Fighting
 + Level 4.7 Maces & Flails
 + Level 0.4 Armour
 + Level 2.6 Dodging
 + Level 0.1 Stealth
 + Level 2.9 Spellcasting
 + Level 4.0 Conjurations


You had 6 spell levels left.
You knew the following spells:

 Your Spells              Type           Power      Damage    Failure   Level
a - Kiss of Death         Conj/Necr      28%        2d7       12%         1

Your spell library contained the following spells:

 Spells                   Type           Power      Damage    Failure   Level
 Momentum Strike          Conj/Tloc      14%        3d8       17%         2
 Necrotise                Necr           8%         1d4       26%         1
 Hailstorm                Conj/Ice       7%         3d4       34%         3
 Call Canine Familiar     Summ           2%         N/A       63%         3
 Portal Projectile        Hex/Tloc       4%         N/A       63%         3
 Vampiric Draining        Necr           2%         2d6       63%         3
 Vhi's Electric Charge    Tloc/Air       4%         N/A       63%         3
 Leda's Liquefaction      Hex/Erth       1%         N/A       95%         4
 Arcjolt                  Conj/Air       3%         1d13      97%         5
 Agony                    Necr           2%         N/A       100%        5
 Maxwell's Capacitive Co  Air            1%         ∞         100%        8


Dungeon Overview and Level Annotations

Branches:
Dungeon (2/15) Zot: 520

Altars:

Annotations:
D:2 Robin


Innate Abilities, Weirdness & Mutations

You passively map a small area around you.
You are easily found by Zot.
You glow in the dark.
You regain HP and MP as you explore.


Message History

* * * LOW HITPOINT WARNING * * *
You hit the goblin.
You kill the goblin!
You now have 72 gold pieces (gained 16).
Things that are here:
a +0 club; a goblin corpse
Things that are here:
a +0 club; a goblin corpse You start waiting.
A ball python is nearby!
The ball python hisses angrily.
The ball python misses you. The ball python grabs you.
The ball python constricts you.
You barely miss the ball python. The ball python barely misses you.
The ball python constricts you.
You sock the ball python!
You kill the ball python!
You closely miss the goblin. The goblin closely misses you.
You closely miss the goblin. The goblin barely misses you.
You hit the goblin.
You kill the goblin!
Robin shouts!
Items here: ))))) ††††.
Items here: ))))) ††††.
You hit Robin but do no damage. Robin hits you but does no damage.
Robin misses you.
You hit Robin but do no damage. Robin hits you with a +0 short sword.
You hit Robin but do no damage. Robin hits you with a +0 short sword.
You closely miss Robin. Robin misses you.
You closely miss Robin. Robin hits you with a +0 short sword.
* * * LOW HITPOINT WARNING * * *
You barely miss Robin. Robin hits you with a +0 short sword.
* * * LOW HITPOINT WARNING * * *
You barely miss Robin. Robin closely misses you.
Robin hits you with a +0 short sword.
* * * LOW HITPOINT WARNING * * *
You hit Robin.
Robin is moderately wounded.
Robin hits you with a +0 short sword.
You die...

#.# #..# #.....####
#.# #..# #.#.......
#.# #..######.#...#
#.# #.........<.# *
#.# #########..##
,, #.# #..# * , #.#
#..# *, #.#
########..# * , #.#
#@g...)...# , ,
#.#######)######.##
* #.......#.# #...#
, #######.#)# #.###
* , #.#.# #g# * *
#.#.####.# ,
#.#...##g# *
#.##...#g#### * ,
#...........#* ,


You could see Robin.

Vanquished Creatures
  4 ball pythons
  A bat (D:1)
  2 endoplasms (D:1)
  13 goblins
  A hobgoblin (D:1)
  3 quokkas (D:1)
  A frilled lizard (D:1)
  3 kobolds (D:1)
  2 rats (D:1)
30 creatures vanquished.

Notes
Turn   | Place    | Note
-------+----------+-------------------------------------------
     0 | D:1      | DarkMailMan the Meteoran Reaver began the quest for the
                  | Orb.
     0 | D:1      | Reached XP level 1. HP: 17/17 MP: 5/5
   134 | D:1      | Reached XP level 2. HP: 24/24 MP: 6/6
   493 | D:1      | Glimpsed the power of Zot.
   501 | D:1      | Reached XP level 3. HP: 27/30 MP: 8/8
   542 | D:1      | Glimpsed the power of Zot.
   580 | D:1      | Glimpsed the power of Zot.
   590 | D:1      | Touched by the power of Zot.
   690 | D:1      | Glimpsed the power of Zot.
   770 | D:2      | Noticed Robin
   811 | D:2      | HP: 1/22 [goblin/+0 club[Robin] (2)]
   862 | D:2      | HP: 1/22 [Robin/+0 short sword (4)]
   863 | D:2      | Slain by Robin

Illustrated notes

Levels and vault maps discovered:
D:1:      psy_arrival_spokes, layout_rooms, serial_glass, glass_columns_b,
          glass_columns_a, minmay_strange_pillars, item_on_display_a
D:2:      layout_loops_ring, uniq_robin

Skill      XL: |  1  2 |
---------------+-------+-----
Conjurations   | 4 |  4.0
Fighting       | |  2.4
Maces & Flails | |  4.7
Armour         | |  0.4
Dodging        | |  2.6
Stealth        | |  0.1
Spellcasting   | |  2.9

Action                     || total
---------------------------++-------
  Melee: Mace              ||    89
 Armour: Leather armour    ||    37
  Dodge: Dodged            ||    53

Table legend: (Time is in decaauts)
 A = Elapsed time spent in this place.
 B = Non-inter-level travel time spent in this place.
 C = Inter-level travel time spent in this place.
 D = Time resting spent in this place.
 E = Time spent auto-exploring this place.
 F = Levels seen in this place.
 G = Mean time per level.
                   A        B        C        D        E       F      G
               +--------+--------+--------+--------+--------+-----+--------+
         Total |    878 |    878 |      0 |    284 |     31 |   2 |  439.0 |
       Dungeon |    878 |    878 |      0 |    284 |     31 |   2 |  439.0 |
               +--------+--------+--------+--------+--------+-----+--------+

Top non-repeatable levels by time:
     D:1: 714 daAuts
     D:2: 163 daAuts
